 Dungeon Crawl Stone Soup version 0.29-a0-356-g7bc237e783 (webtiles) character file.

Game seed: 16375510295222771952

14 spaghetti the Cutter (level 2, 0/18 HPs)
             Began as a Deep Elf Berserker on Apr 25, 2022.
             Was a Follower of Trog.
             Slain by a ball python (1 damage)
             ... on level 1 of the Dungeon.
             The game lasted 00:00:30 (319 turns).

spaghetti the Cutter (Deep Elf Berserker)            Turns: 319, Time: 00:00:30

Health: 0/18       AC:  2    Str: 14    XL:     2   Next: 27%
Magic:  4/4        EV:  9    Int: 11    God:    Trog [*.....]
Gold:   12         SH:  0    Dex: 14    Spells: 1/1 levels left

rFire   . . .      SeeInvis .   a - +0 short sword {short}
rCold   . . .      Faith    .   (no shield)
rNeg    . . .      Spirit   .   b - +0 animal skin
rPois   .          Reflect  .   (no helmet)
rElec   .          Harm     .   (no cloak)
rCorr   .          Rampage  .   (no gloves)
Will    .....                   (no boots)
Stlth   ++........              (no amulet)
HPRegen 0.06/turn               (no ring)
MPRegen 0.09/turn               (no ring)

@: on berserk cooldown, slowed, constricted, very slow
A: no striking features
a: Renounce Religion, Berserk


You were on level 1 of the Dungeon.
You worshipped Trog.
Trog was aware of your devotion.
You visited 1 branch of the dungeon, and saw 1 of its levels.

You collected 12 gold pieces.


   Skills:
 - Level 2.4 Fighting
 - Level 3.0 Short Blades
 - Level 1.5 Armour
 - Level 2.4 Dodging
 + Level 2.7 Stealth


You had one spell level left.
You didn't know any spells.
Your spell library was empty.

Inventory:

Hand Weapons
 a - a +0 short sword (weapon) {short}
Armour
 b - a +0 animal skin (worn)
Scrolls
 d - a scroll of enchant armour {unknown}
Potions
 c - a potion of ambrosia {unknown}

Dungeon Overview and Level Annotations

Branches:
Dungeon (1/15)

Altars:

## #.............# #
#.###.....#...##.# #
#.#..##.###..##.# #
#######.....## ##....####
.(....#..###.###..##.....
....♣........(#..........
.(..........#####...#####
......$...### #§§.#
.∩..8.†S@.# #§§☼#
....J...h†# #○§°#
..=.......# #...#####
.∩..∩..∩... ...(.§§..
........#.#. ....§§§.
..........##. .§..
.♣..♣..∩.## ## ####
.......


You could see an endoplasm, a jackal and a ball python.


Message History

A giant cockroach is nearby!
A giant cockroach is nearby!
A giant cockroach is nearby!
A dart slug comes into view.
A dart slug is nearby!
A dart slug is nearby!
The helpless dart slug fails to defend itself.
You puncture the dart slug!
You kill the dart slug!
Trog accepts your kill.
Your Stealth skill increases to level 2!
An endoplasm and a dart slug come into view.
There are monsters nearby!
There are monsters nearby!
The endoplasm quivers.
The endoplasm hits you. 😕 HP[-1]
You take 1 damage, and now have 12/13 hp.
You are too injured to fight recklessly!
You are too injured to fight recklessly!
You are too injured to fight recklessly!
You are too injured to fight recklessly!
You are too injured to fight recklessly!
You are too injured to fight recklessly!
You are too injured to fight recklessly!
You are too injured to fight recklessly!
You are too injured to fight recklessly!
You are too injured to fight recklessly!
You are too injured to fight recklessly!
You are too injured to fight recklessly!
You are too injured to fight recklessly!
You are too injured to fight recklessly!
You are too injured to fight recklessly!
Unknown command.
You fail to use your ability.
The dart slug launches a dart at you. The slug dart hits you.
The endoplasm hits you.
* * * LOW HITPOINT WARNING * * *
😨 HP[-7]
You take 7 damage, and now have 5/13 hp.
MASSIVE DAMAGE!! (PAUSE)
A red film seems to cover your vision as you go berserk!
You feel yourself moving faster!
You feel mighty! The endoplasm hits you.
* * * LOW HITPOINT WARNING * * *
The dart slug launches a dart at you. The slug dart hits you.
* * * LOW HITPOINT WARNING * * *
😱 HP[-1]
You now have 19 max hp (+6).
You puncture the endoplasm!
You kill the endoplasm!
Trog accepts your kill.
You have reached level 2! 😱 HP[+2] MP[+1]
You now have 27 max hp (+8).
You regained 2 hp, and now have 6/27 hp.
Your mp is fully restored (4).
A ball python and a jackal come into view.
The ball python hisses angrily.
The jackal barks!
You hear a bark!
The dart slug launches a dart at you. The slug dart misses you.
You hear a bark!
You feel a strong urge to attack something. 😨 HP[+1]
You puncture the dart slug!
A jackal comes into view.
You puncture the dart slug!
You kill the dart slug!
Trog accepts your kill.
A jackal comes into view.
An endoplasm comes into view.
The jackal barks!
The jackal closely misses you.
You puncture the jackal!
You kill the jackal!
Trog accepts your kill.
The jackal bites you but does no damage.
You closely miss the jackal.
The jackal bites you but does no damage.
You puncture the jackal!
You kill the jackal!
Trog accepts your kill.
You barely miss the jackal.
You are no longer berserk.
You are exhausted.
You feel yourself slow down. The ball python misses you.
The ball python grabs you. The ball python constricts you.
* * * LOW HITPOINT WARNING * * *
The jackal bites you.
* * * LOW HITPOINT WARNING * * *
😱 HP[-5]
You now have 18 max hp (-9).
You closely miss the jackal. The ball python barely misses you.
The ball python constricts you.
* * * LOW HITPOINT WARNING * * *
The jackal bites you.
* * * LOW HITPOINT WARNING * * *
The ball python bites you.
You die...

Skill      XL: |  1 |
---------------+----+-----
Stealth        | 2 |  2.7
Fighting       | |  2.4
Short Blades   | |  3.0
Armour         | |  1.5
Dodging        | |  2.4

Action                   || total
-------------------------++-------
Melee: Short sword       ||    21
       Punch             ||     1
Invok: Berserk           ||     1
 Stab: Sleeping          ||     1
Armor: Animal skin       ||     7
Dodge: Dodged            ||     7

Levels and vault maps discovered:
D:1:      dpeg_arrival_rooms_with_view, layout_loops_ring,
          hellmonk_ecumenical_altar_arch_garden, supply_closet_lemuel,
          lemuel_flame_loot_1

Notes
Turn   | Place    | Note
-------+----------+-------------------------------------------
     0 | D:1      | spaghetti the Deep Elf Berserker began the quest for the
                  | Orb.
     0 | D:1      | Reached XP level 1. HP: 13/13 MP: 3/3
     0 | D:1      | magus.rc [v1.9.6]
    35 | D:1      | Reached skill level 1 in Stealth
   303 | D:1      | Reached skill level 2 in Stealth
   308 | D:1      | HP: 4/19 [dart slug/slug dart (2)]
   310 | D:1      | Reached XP level 2. HP: 6/18 MP: 4/4
   318 | D:1      | HP: 3/18 [constriction (1)]
   319 | D:1      | HP: 1/18 [jackal (1)]
   319 | D:1      | Slain by a ball python

Vanquished Creatures
  2 dart slugs (D:1)
  An endoplasm (D:1)
  A giant cockroach (D:1)
  A goblin (D:1)
  A hobgoblin (D:1)
  2 jackals (D:1)
8 creatures vanquished.

Table legend:
 A = Non-vault XP
 B = Vault XP
 C = Vault XP percentage of total XP
 D = Non-vault monster count
 E = Vault monster count
 F = Vault count percentage of total count
                 A         B        C        D         E       F
            +---------+---------+-------+---------+---------+-------
      Total |      16 |       4 |  20.0 |       6 |       2 |  25.0
            +---------+---------+-------+---------+---------+-------
        D:1 |      16 |       4 |  20.0 |       6 |       2 |  25.0
            +---------+---------+-------+---------+---------+-------

Illustrated notes

Table legend:
 A = Kills in this place as a percentage of kills in entire the game.
 B = Kills by you in this place as a percentage of kills by you in the entire game.
 C = Kills by friends in this place as a percentage of kills by friends in the entire game.
 D = Other kills in this place as a percentage of other kills in the entire game.
 E = Experience gained in this place as a percentage of experience gained in the entire game.
 F = Experience gained in this place divided by the number of levels of this place that you have seen.
                   A       B       C       D       E      F
               +-------+-------+-------+-------+-------+----------------------
         Total | 100.0 | 100.0 |   N/A |   N/A | 100.0 |  20.0
       Dungeon | 100.0 | 100.0 |   N/A |   N/A | 100.0 |  20.0
               +-------+-------+-------+-------+-------+----------------------

Table legend: (Time is in decaauts)
 A = Elapsed time spent in this place.
 B = Non-inter-level travel time spent in this place.
 C = Inter-level travel time spent in this place.
 D = Time resting spent in this place.
 E = Time spent auto-exploring this place.
 F = Levels seen in this place.
 G = Mean time per level.
                   A        B        C        D        E       F      G
               +--------+--------+--------+--------+--------+-----+--------+
         Total |    314 |    314 |      0 |    197 |     71 |   1 |  314.0 |
       Dungeon |    314 |    314 |      0 |    197 |     71 |   1 |  314.0 |
               +--------+--------+--------+--------+--------+-----+--------+

Top non-repeatable levels by time:
     D:1: 314 daAuts
